 Dungeon Crawl Stone Soup version 0.20.0-15-g7f486f2 (webtiles) character file.

90 NoAnimeNoLife the Gusty (level 4, -9/24 HPs)
             Began as a Tengu Air Elementalist on June 13, 2017.
             Mangled by NoAnimeNoLife's ghost (14 damage)
             ... on level 3 of the Dungeon.
             The game lasted 00:06:38 (2994 turns).

NoAnimeNoLife the Gusty (Tengu Air Elementalist)    Turns: 2994, Time: 00:06:39

Health: -9/24      AC:  2    Str:  8    XL:     4   Next: 56%
Magic:  3/9        EV: 12    Int: 17    God:
Gold:   143        SH:  0    Dex: 14    Spells: 2/8 levels left

rFire    . . .     SeeInvis .   (no weapon)
rCold    . . .     Gourm    .   (no shield)
rNeg     . . .     Faith    .   a - +0 robe
rPois    +         Spirit   .   (helmet restricted)
rElec    .         Reflect  .   (no cloak)
rCorr    .         Harm     .   (no gloves)
MR       .....                  (boots unavailable)
Stlth    ++........             (no amulet)
Regen    0.1/turn               i - ring of poison resistance
MPRegen  0.2/turn               (no ring)

@: swift, very quick
A: beak, talons 3
a: no special abilities


You were on level 3 of the Dungeon.
You were not hungry.

You visited 1 branch of the dungeon, and saw 3 of its levels.

You collected 143 gold pieces.

Inventory:

Armour
 a - a +0 robe (worn)
Jewellery
 i - a ring of poison resistance (left hand)
 r - an uncursed ring of resist corrosion {unknown}
Scrolls
 d - a scroll of enchant armour {unknown}
 k - 2 scrolls of remove curse {unknown}
 m - a scroll of identify
 n - a scroll of immolation {unknown}
 q - a scroll of teleportation {unknown}
 s - a scroll of magic mapping {unknown}
 t - a scroll of random uselessness {unknown}
 u - a scroll of blinking {unknown}
Potions
 e - a potion of ambrosia
 f - a potion of heal wounds
 g - a potion of degeneration
 h - 4 potions of curing
 j - a potion of brilliance
 l - 2 potions of lignification
Books
 b - a book of Air

   Spells                             Type                      Level
   a - Shock                          Conjuration/Air              1
   b - Swiftness                      Charms/Air                   2
   c - Static Discharge               Conjuration/Air              3
   d - Airstrike                      Air                          4
   e - Lightning Bolt                 Conjuration/Air              5
Comestibles
 c - 2 bread rations
 o - a meat ration
 p - a fruit


   Skills:
 - Level 2.1 Dodging
 - Level 2.0 Stealth
 + Level 2.7 Spellcasting
 + Level 3.0 Conjurations
 + Level 5.5 Air Magic


You had 2 spell levels left.
You knew the following spells:

 Your Spells              Type           Power        Failure   Level  Hunger
a - Shock                 Conj/Air       ###.         3%          1    #......
b - Swiftness             Chrm/Air       ##......     9%          2    ##.....
c - Static Discharge      Conj/Air       ###.....     10%         3    ###....


Dungeon Overview and Level Annotations

Branches:
Dungeon (3/15)

Altars:

Annotations:
D:3 NoAnimeNoLife's ghost, amateur DsFi


Innate Abilities, Weirdness & Mutations

You have a beak for a mouth.
You have claws for feet.


Message History

Press: ? - help, Shift-Dir - straight line, f/p - orc
Aim: an orc, wielding a club (moderately wounded)
The zap hits the orc.
You kill the orc!
The zap hits NoAnimeNoLife's ghost.
NoAnimeNoLife's ghost is moderately damaged.
Casting: Shock
Confirm with . or Enter, or press ? or * to list all spells.
Aiming: Shock
Press: ? - help, Shift-Dir - straight line, f - NoAnimeNoLife's ghost
Aim: NoAnimeNoLife's ghost (moderately damaged)
Okay, then.
NoAnimeNoLife's ghost hits you!
Ouch! That really hurt!
* * * LOW HITPOINT WARNING * * *
Casting: Shock
Confirm with . or Enter, or press ? or * to list all spells.
You feel quick. NoAnimeNoLife's ghost hits you!
Ouch! That really hurt!
You die...

######### ### ########.##....#
#.##### #.W@........##.#
#.....######.###.##.#####.#
##.##..o).o).# #.##.# #.#
###...o..####### ..##.# #.#
..รท.#.#...# ####..###.## #W#
....#.###.# #....# #..# #.###
###.......###.########.####...#
#####<##..##..# #.........##.#
.# #.##......##
#.........##W###


You could see NoAnimeNoLife's ghost and an orc.

Vanquished Creatures
  2 adders
  An ooze (D:3)
  3 dart slugs
  A leopard gecko (D:1)
  2 orcs (D:3)
  2 ball pythons
  4 giant cockroaches
  7 goblins
  7 hobgoblins
  2 jackals (D:2)
  2 quokkas
  7 bats
  3 frilled lizards
  4 kobolds
  8 rats
55 creatures vanquished.

Notes
Turn   | Place    | Note
-------+----------+-------------------------------------------
     0 | D:1      | NoAnimeNoLife the Tengu Air Elementalist began the quest for the Orb.
     0 | D:1      | Reached XP level 1. HP: 10/10 MP: 4/4
   338 | D:1      | Reached XP level 2. HP: 10/15 MP: 0/6
   852 | D:1      | Reached XP level 3. HP: 16/19 MP: 1/7
  1475 | D:2      | Learned a level 2 spell: Swiftness
  1479 | D:2      | Learned a level 3 spell: Static Discharge
  1787 | D:2      | Reached skill level 5 in Air Magic
  2311 | D:2      | Reached XP level 4. HP: 24/24 MP: 6/8
  2661 | D:3      | Noticed NoAnimeNoLife's ghost (amateur DsFi)
  2994 | D:3      | Mangled by NoAnimeNoLife's ghost

Skill      XL: |  1  2  3  4 |
---------------+-------------+-----
Conjurations   | 2 3 |  3.0
Air Magic      | 5 |  5.5
Dodging        | |  2.1
Stealth        | |  2.0
Spellcasting   | |  2.7

Action                   |  1- 3 |  4- 6 || total
-------------------------+-------+-------++-------
Melee: Unarmed           |     2 |       ||     2
       Kick              |     1 |       ||     1
       Peck              |     1 |       ||     1
 Cast: Shock             |    84 |    29 ||   113
       Swiftness         |       |     3 ||     3
  Use: Scroll            |     6 |       ||     6
  Eat: Chunk             |     5 |     1 ||     6
       Fruit             |       |     2 ||     2
Armor: Robe              |     4 |       ||     4
Dodge: Dodged            |    16 |     1 ||    17
